 Dungeon Crawl Stone Soup version 0.29.0-10-g45618ea6d2 (webtiles) character file.

Game seed: 15639972680660187782

1342 LustLizard the Firebug (level 8, 0/68 HPs)
             Began as a Hill Orc Fire Elementalist on Sept 1, 2022.
             Slain by an orc warrior
             ... wielding a +0 mace
              (9 damage)
             ... on level 5 of the Dungeon.
             The game lasted 00:21:47 (7592 turns).

LustLizard the Firebug (Hill Orc Fire Elementalist) Turns: 7592, Time: 00:21:48

Health: 0/68       AC:  8    Str: 11    XL:     8   Next: 62%
Magic:  12/12      EV: 15    Int: 17    God:
Gold:   113        SH:  0    Dex: 11    Spells: 8/12 levels left

rFire   . . .      SeeInvis .   m - +0 hand axe
rCold   . . .      Faith    .   (no shield)
rNeg    . . .      Spirit   .   x - +0 leather armour
rPois   .          Reflect  .   (no helmet)
rElec   .          Harm     .   o - scarf {repulsion}
rCorr   .          Rampage  .   v - +0 pair of gloves
Will    .....                   (no boots)
Stlth   ++........              (no amulet)
HPRegen 0.21/turn               l - +4 ring of protection
MPRegen 0.13/turn               q - +4 ring of evasion

@: repel missiles
A: no striking features
a: no special abilities


You were on level 5 of the Dungeon.
You visited 1 branch of the dungeon, and saw 6 of its levels.
You also visited: Ossuary.

You collected 401 gold pieces.
You spent 288 gold pieces at shops.

Inventory:

Hand Weapons
 g - a +0 whip
 m - a +0 hand axe (weapon)
Armour
 a - a +0 robe
 o - a scarf of repulsion (worn)
 v - a +0 pair of gloves (worn)
 x - a +0 leather armour (worn)
Jewellery
 l - a +4 ring of protection (left hand)
 q - a +4 ring of evasion (right hand)
 y - a ring of positive energy
 D - a ring of magical power
Wands
 w - a wand of flame (10)
Scrolls
 d - 4 scrolls of fog {unknown}
 h - a scroll of silence {unknown}
 i - a scroll of enchant weapon {unknown}
 j - 3 scrolls of enchant armour {unknown}
 k - 2 scrolls of magic mapping {unknown}
 n - 2 scrolls of blinking
 p - 2 scrolls of fear {unknown}
 z - 5 scrolls of teleportation
 A - 2 scrolls of poison {unknown}
 G - 3 scrolls of vulnerability {unknown}
 H - a scroll of noise {unknown}
Potions
 b - a potion of magic
 c - a potion of curing {unknown}
 e - 3 potions of mutation
 f - 6 potions of heal wounds
 r - a potion of invisibility {unknown}
 s - 2 potions of degeneration
 t - a potion of might {unknown}
 u - 3 potions of haste
 B - 5 potions of resistance
 C - 2 potions of cancellation {unknown}
 F - 2 potions of ambrosia


   Skills:
 * Level 5.1 Fighting
 * Level 5.4 Axes
 - Level 1.5 Dodging
 + Level 3.1 Stealth
 + Level 2.7 Spellcasting
 * Level 4.4 Conjurations
 * Level 5.8 Fire Magic
 * Level 2.4 Evocations


You had 8 spell levels left.
You knew the following spells:

 Your Spells              Type           Power      Damage    Failure   Level
a - Foxfire               Conj/Fire      76%        2x1d7     3%          1
b - Conjure Flame         Conj/Fire      19%        6-21      9%          3

Your spell library contained the following spells:

 Spells                   Type           Power      Damage    Failure   Level
 Scorch                   Fire           44%        2d7       3%          2
 Inner Flame              Hex/Fire       12%        N/A       22%         3
 Flame Wave               Conj/Fire      19%        2d7       28%         4


Dungeon Overview and Level Annotations

Branches:
Dungeon (6/15)            Ossuary (visited)
 Temple: D:4-7

Altars:
Cheibriados
Dithmenos
Elyvilon
Fedhas
Gozag
Kikubaaqudgha
Sif Muna
Vehumet
Xom

Shops:
D:2 :   D:3 [?[!=   D:5 :


Message History

Your jelly dissolves into shadows!
Your gnoll hits the orc warrior but does no damage.
You hit the orc warrior.
The orc warrior is heavily wounded.
The orc warrior hits you with a +0 mace!
Your gnoll hits the orc warrior from afar with a +0 spear.
You swap places.
Your gnoll dissolves into shadows!
You closely miss the orc warrior.
The orc warrior is severely wounded.
The orc warrior hits you with a +0 mace.
The orc warrior attacks as you move away!
The orc warrior hits you with a +0 mace.
Casting: Foxfire (safe; 3% risk of failure)
Confirm with . or Enter, or press ? or * to list all spells.
Okay, then.
Casting: Foxfire (safe; 3% risk of failure)
Confirm with . or Enter, or press ? or * to list all spells.
Okay, then.
You barely miss the orc warrior.
The orc warrior is severely wounded.
The orc warrior hits you with a +0 mace.
* * * LOW HITPOINT WARNING * * *
You completely miss the orc warrior.
The orc warrior is severely wounded.
The orc warrior hits you with a +0 mace!
* * * LOW HITPOINT WARNING * * *
You hit the orc warrior but do no damage.
The orc warrior is severely wounded.
The orc warrior closely misses you.
You hit the orc warrior but do no damage.
The orc warrior is severely wounded.
The orc warrior hits you but does no damage.
You closely miss the orc warrior.
The orc warrior is severely wounded.
The orc warrior completely misses you.
You hit the orc warrior but do no damage.
The orc warrior is severely wounded.
The orc warrior hits you with a +0 mace!
You die...

...#####.# #.# ##.##..###
.#.....#.# #.########..##.#.##
...#.#.#.# #.................#
#.##.#.#.# ##########.########
#.##.#.#.# #.##### # #..#.#.#.#
### #.#...####
##.###.#.#######.#######.#.#.....
.....##.........#o#..........###.
.⌠.⌠..###...####@##.#.##.##### #.
..⌠....##....# #.##.#.##.# #.
.⌠.⌠....#....# #.##.#.##.# #.
........#....###.##.#.##.# #.
##)###)##..>...†.##.#.##.#######.
#...#...#...#######.#............
#._.#._.##.##### #.####..###.##.
##########.....# #.#####.###.###
#######.##.....####..............


You could see an orc warrior.

Vanquished Creatures
  A dream sheep (D:3)
  2 ice beasts (D:5)
  An ogre (D:5)
  A phantom (D:5)
  2 bullfrogs
  A hound (D:4)
  A jelly (D:4)
  Jessica (D:2)
  5 iguanas
  6 orc wizards
  8 mummies (Ossuary)
  11 adders
  3 worms
  2 dart slugs
  22 orcs
  11 endoplasms
  4 giant cockroaches
  8 goblins
  4 hobgoblins (D:1)
  2 jackals (D:1)
  5 quokkas
  6 ball pythons
  A bat (D:3)
  2 gnoll zombies (Ossuary)
  A hobgoblin zombie (Ossuary)
  5 kobolds
  3 kobold zombies (Ossuary)
  2 orc zombies (Ossuary)
  4 rats
125 creatures vanquished.

Vanquished Creatures (collateral kills)
  A sky beast (D:5)
  An adder (D:5)
  A worm (D:5)
3 creatures vanquished.

Vanquished Creatures (others)
  4 dream sheep (D:3)
  455 foxfires
459 creatures vanquished.

Grand Total: 587 creatures vanquished

Notes
Turn   | Place    | Note
-------+----------+-------------------------------------------
     0 | D:1      | LustLizard the Hill Orc Fire Elementalist began the quest
                  | for the Orb.
     0 | D:1      | Reached XP level 1. HP: 14/14 MP: 3/3
   248 | D:1      | Reached XP level 2. HP: 22/22 MP: 1/4
   367 | D:1      | Reached skill level 1 in Fighting
   903 | D:1      | Reached XP level 3. HP: 28/28 MP: 1/5
  1053 | D:1      | Found a faded altar of an unknown god.
  1275 | D:2      | Noticed Jessica
  1316 | D:2      | Learned a level 3 spell: Conjure Flame
  1694 | D:2      | Reached skill level 1 in Axes
  1833 | D:2      | Found Hiompit's Book Shoppe.
  2311 | D:2      | Killed Jessica
  2312 | D:2      | Reached XP level 4. HP: 30/36 MP: 0/6
  2777 | D:3      | Found Gosmuigh's Antique Armour Shop.
  2853 | D:3      | Found Rekefoy's Magic Scroll Boutique.
  2862 | D:3      | Bought a scroll of identify for 24 gold pieces
  2862 | D:3      | Bought a scroll of teleportation for 36 gold pieces
  2892 | D:3      | Reached XP level 5. HP: 39/41 MP: 0/7
  3017 | D:3      | Found a white marble altar of Elyvilon.
  3287 | D:3      | Found Awut's Antique Armour Emporium.
  3353 | D:3      | Found Ycojieda's Jewellery Boutique.
  3473 | D:3      | Noticed a dream sheep
  3473 | D:3      | Noticed a dream sheep
  3473 | D:3      | Noticed a dream sheep
  3473 | D:3      | Noticed a dream sheep
  3473 | D:3      | Noticed a dream sheep
  3473 | D:3      | Found a shimmering altar of Xom.
  3475 | D:3      | Killed a dream sheep
  3476 | D:3      | Killed a dream sheep
  3477 | D:3      | Killed a dream sheep
  3477 | D:3      | Killed a dream sheep
  3478 | D:3      | Killed a dream sheep
  3550 | D:3      | Found Regotoc's Distillery.
  3654 | D:3      | Reached XP level 6. HP: 43/50 MP: 5/9
  4136 | D:4      | Found a blossoming altar of Fedhas.
  4342 | D:4      | Found a sand-covered staircase.
  4350 | Ossuary  | Entered an ossuary
  4810 | Ossuary  | Reached XP level 7. HP: 57/57 MP: 5/10
  5141 | D:3      | Bought a scroll of identify for 24 gold pieces
  5141 | D:3      | Bought a scroll of blinking for 90 gold pieces
  5141 | D:3      | Bought a scroll of summoning for 114 gold pieces
  5999 | D:4      | Reached skill level 5 in Fire Magic
  6175 | D:5      | Entered Level 5 of the Dungeon
  6386 | D:5      | Found Immiten's Vocational Training.
  6610 | D:5      | Reached skill level 1 in Evocations
  6712 | D:5      | Found an opulent altar of Gozag.
  6894 | D:5      | Reached XP level 8. HP: 67/67 MP: 5/11
  7268 | D:5      | Found a snail-covered altar of Cheibriados.
  7272 | D:5      | Found a shadowy altar of Dithmenos.
  7381 | D:5      | Found an ancient bone altar of Kikubaaqudgha.
  7404 | D:5      | Found a shimmering blue altar of Sif Muna.
  7445 | D:5      | Found a radiant altar of Vehumet.
  7533 | D:5      | Reached skill level 5 in Axes
  7548 | D:5      | Reached skill level 5 in Fighting
  7592 | D:5      | Slain by an orc warrior

Illustrated notes

Levels and vault maps discovered:
D:1:      reono_arrival_forest_river, layout_loops_ring,
          hellmonk_ecumenical_altar_slurped_away, minmay_strange_pillars,
          minivault_25
D:2:      layout_basic, serial_shops, shop, uniq_jessica
D:3:      minmay_skewed_foursquare, layout_loops_corners, elyvilon_altar_5,
          kb_xom_exploding_sheep, serial_shops, shop, nicolae_shop_behind_doors,
          shop, shop, nicolae_shop_statue_plus, chequers_serial_rivers_small_3
D:4:      layout_basic, fedhas_altar_2, chequers_ossuary_entry_cave,
          uniq_grinder
D:5:      layout_loops_ring, palyth_temple_overflow_mages, old_standard_altar,
          minitemple, nicolae_shop_vocational
D:6:      layout_cave_pools, minmay_temple_entry_trees,
          cheibrodos_sewer_entry_sluice, chequers_avenue,
          nicolae_shop_self_help, uniq_duvessa

Skill      XL: |  1  2  3  4  5  6  7  8 |
---------------+-------------------------+-----
Fighting       | 1 2 3 4 5 |  5.1
Axes           | 1 2 3 4 5 |  5.4
Stealth        | 2 3 |  3.1
Conjurations   | 2 3 4 |  4.4
Fire Magic     | 4 5 |  5.8
Spellcasting   | 2 |  2.7
Evocations     | 1 2 |  2.4
Dodging        | |  1.5

Action                   |  1- 3 |  4- 6 |  7- 9 || total
-------------------------+-------+-------+-------++-------
Melee: Hand axe          |    33 |    93 |    91 ||   217
       Whip              |     4 |       |       ||     4
       Punch             |       |     1 |     1 ||     2
 Cast: Foxfire           |    61 |   103 |   104 ||   268
       Conjure Flame     |       |     2 |     3 ||     5
  Use: Scroll            |       |     2 |     6 ||     8
       Potion            |       |       |     1 ||     1
 Stab: Sleeping          |     1 |     1 |       ||     2
Armor: Robe              |    15 |       |       ||    15
       Leather armour    |       |    22 |    34 ||    56
Dodge: Dodged            |    24 |    72 |    94 ||   190
       Repelled          |       |     2 |     1 ||     3
